Workbook

Sheet CALIBRADORES
B1: Versión:Complemento del proceso. - Proceso de selección: PROCESO DE CONTRATACIÓN DIRECTA
A3: IDENTIFICACIÓN Y CLASIFICACIÓN DEL RIESGO | N3: TRATAMIENTO DEL RIESGO
A5: N° | B5: Clase | C5: Fuente | D5: Etapa | E5: Tipo | F5: Descripción (Qué puede pasar y, cómo puede ocurrir) | G5: Consecuencia de la ocurrencia del evento | H5: Probabilidad | I5: Impacto | J5: Valoración del riesgo | K5: Categoría | L5: ¿A quién se le asigna? | M5: % Asignación | N5: N° | O5: Tratamiento/ Controles a ser implementados | P5: Impacto después del tratamiento | T5: ¿Afecta la ejecución del contrato? | U5: Responsable por implementar el tratamiento | V5: Fecha estimada en que se inicia el tratamiento | W5: Fecha estimada en que se completa el tratamiento | X5: Monitoreo y revisión
P6: Probabilidad | Q6: Impacto | R6: Valoración del riesgo | S6: Categoría | X6: ¿Cómo se realiza el monitoreo? | Y6: Periodicidad ¿Cuándo?
A8: 1 | B8: Especifico | C8: Externo | D8: Ejecución | E8: Operacional | F8: Disponibilidad de los profesionales o personas destinadas a la calibración a los medidores de temperatura y humedad con que cuenta actualmente la UAEGRTD, así como en el soporte técnico requerido | G8: Dificulta la ejecución del contrato de manera baja, aplicando medidas mínimas se puede lograr el objeto contractual | H8: 3 | I8: 2 | J8: =+H8+I8 -> 5 | K8: Medio | L8: Contratista | M8: 1 | N8: 1 | O8: LA UAEGRTD solicitará al proveedor sustitución del personal que no sea idoneo con base en la carta de compromiso y aceptación de las especificaciones técnicas | P8: 0 | Q8: 1 | R8: =SUM(P8:Q8) -> 1 | S8: MEDIO | T8: SI | U8: Entidad Contratante | V8: Desde el perfeccionamiento del contrato | W8: Terminación del plazo de ejecución | X8: SEGUIMIENTO DEL PROCESO por parte del supervisor del contrato verificando y dejando constancia del cumplimiento de la idoneidad de los conductores. | Y8: DIARIO
A9: 2 | B9: Especifico | C9: Externo | D9: Ejecución | E9: Operacional | F9: Idoneidad de las profesionales o personas destinadas a la calibración a los medidores de temperatura y humedad con que cuenta actualmente la UAEGRTD, así como en el soporte técnico requerido | G9: Dificulta la ejecución del contrato de manera baja, aplicando medidas mínimas se puede lograr el objeto contractual | H9: 3 | I9: 2 | J9: =+H9+I9 -> 5 | K9: Medio | L9: Contratista | M9: 1 | N9: 2 | O9: LA UAEGRTD Exigirá el cumplimiento de las especificaciones técnicas establecidas y afectará la póliza constituida por el proveedor en caso de respuesta negativa. | P9: 1 | Q9: 1 | R9: =SUM(P9:Q9) -> 2 | S9: MEDIO | T9: SI | U9: Entidad Contratante | V9: Desde el perfeccionamiento del contrato | W9: Terminación del plazo de ejecución | X9: VERIFICACIÓN por parte del comisionado a cargo del servicio, antes de iniciar de la prestación del mismo, del cumplimiento de las especificaciones tecnicas y por parte del supervisor del contrato verificando las anomalías que se presenten en la prestación de los servicios, dejando constancia en su informe mensual del cumplimiento de las obligaciones pactadas, asi como adoptando las medidas correctivas que se requieran para la correcta ejecución del contrato. | Y9: DIARIO
A10: 3 | B10: Especifico | C10: Externo | D10: Ejecución | E10: Operacional | F10: Daños a los equipos de la entidad como consecuencia de la intervención por parte del personal destinado a calibración a los medidores de temperatura y humedad con que cuenta actualmente la UAEGRTD, así como en el soporte técnico requerido | G10: Dificulta la ejecución del contrato de manera baja, aplicando medidas mínimas se puede lograr el objeto contractual | H10: 3 | I10: 2 | J10: =+H10+I10 -> 5 | K10: Medio | L10: Contratista | M10: 1 | N10: 4 | O10: La UAEGRTD conminara al contratista para que los servicios prestados de manera adecuada por los conductores, en caso que sea recurrente se aplicará el procedimiento establecido en el artículo 86 de la Ley 1474 de 2011. | P10: 1 | Q10: 1 | R10: =SUM(P10:Q10) -> 2 | S10: =VLOOKUP(R10,Inputs!$E$2:$F$12,2,FALSE) -> Bajo | T10: SI | U10: Entidad Contratante | V10: Desde el perfeccionamiento del contrato | W10: Terminación del plazo de ejecución | X10: VERIFICACIÓN por parte del comisionado a cargo del servicio, antes de iniciar de la prestación del mismo, del cumplimiento de las especificaciones tecnicas y por parte del supervisor del contrato verificando las anomalías que se presenten en la prestación de los servicios, dejando constancia en su informe mensual del cumplimiento de las obligaciones pactadas, asi como adoptando las medidas correctivas que se requieran para la correcta ejecución del contrato. | Y10: DIARIO
A11: 5 | B11: Especifico | C11: Externo | D11: Ejecución | E11: Operacional | F11: Falta de disponibilidad de las licencias del software Testo Saveris Profesional, que se requieran para la ejecución del contrato. | G11: Dificulta la ejecución del contrato de manera baja, aplicando medidas mínimas se puede lograr el objeto contractual | H11: 3 | I11: 2 | J11: 5 | K11: Medio | L11: Contratista | M11: 1 | N11: 5 | O11: La UAEGRTD Hará efectiva la garantía de responsabilidad civil extracontractual | P11: 1 | Q11: 1 | R11: =SUM(P11:Q11) -> 2 | S11: =VLOOKUP(R11,Inputs!$E$2:$F$12,2,FALSE) -> Bajo | T11: SI | U11: Entidad Contratantr | V11: Desde el perfeccionamiento del contrato | W11: Terminación del plazo de ejecución | X11: SEGUIMIENTO DEL PROCESO por parte del supervisor del contrato verificando y dejando constancia en su informe mensual del cumplimiento de las obligaciones pactadas | Y11: DIARIO
A12: 6 | B12: Especifico | C12: Externo | D12: Ejecución | E12: Operacional | F12: Autenticidad de las licencias del software Testo Saveris Profesional, que se requieran para la ejecución del contrato. | G12: Dificulta la ejecución del contrato de manera baja, aplicando medidas mínimas se puede lograr el objeto contractual | H12: 3 | I12: 2 | J12: 5 | K12: Medio | L12: Contratista | M12: 1 | N12: 6 | O12: La UAEGRTD no cancelará servicios incompletos o por mal funcionamiento de los vehículos suministrados para garantizar la ejecución del contrato, solicita al proveedor el cambio de vehículo o aplica la clausula de multas y sanciones, ademas de hacer efectiva la póliza. | P12: 1 | Q12: 1 | R12: =SUM(P12:Q12) -> 2 | S12: =VLOOKUP(R12,Inputs!$E$2:$F$12,2,FALSE) -> Bajo | T12: SI | U12: Entidad Contratantr | V12: Desde el perfeccionamiento del contrato | W12: Terminación del plazo de ejecución | X12: VERIFICACIÓN por parte del comisionado a cargo del servicio, antes durante la prestación del mismo, del cumplimiento de las especificaciones tecnicas y por parte del supervisor del contrato, verificando las anomalías que se presenten en la prestación de los servicios, y dejando constancia en su informe mensual del cumplimiento de las obligaciones pactadas, asi como adoptando las medidas correctivas que se requieran para la correcta ejecución del contrato. | Y12: DIARIO
A13: 7 | B13: General | C13: Externo | D13: Ejecución | E13: Financiero | F13: Falta de liquidez por parte del Contratista durante la Ejecución del Contrato. | G13: Dificulta la ejecución del contrato de manera baja, aplicando medidas mínimas se puede lograr el objeto contractual | H13: 3 | I13: 2 | J13: =+H13+I13 -> 5 | K13: Alto | L13: Contratista | M13: 1 | N13: 7 | O13: La UAEGRTD aplicará las medidas pertinentes para garantizar la ejecución del contrato, programando en debida forma los servicios requerido, en caso de retrasos atribuibles al contratista el supervisor conminara al contratista para que los servicios sean prestados puntualmente, en caso que sea recurrente el retraso se dara aplicación al artículo 86 de la Ley 1474 de 2011. | P13: 1 | Q13: 1 | R13: =SUM(P13:Q13) -> 2 | S13: =VLOOKUP(R13,Inputs!$E$2:$F$12,2,FALSE) -> Bajo | T13: SI | U13: Entidad Contratantr | V13: Desde el perfeccionamiento del contrato | W13: Terminación del plazo de ejecución | X13: VERIFICACIÓN por parte del comisionado a cargo del servicio, antes durante la prestación del mismo, del cumplimiento de las especificaciones tecnicas y por parte del supervisor del contrato, verificando las anomalías que se presenten en la prestación de los servicios, y dejando constancia en su informe mensual del cumplimiento de las obligaciones pactadas, asi como adoptando las medidas correctivas que se requieran para la correcta ejecución del contrato. | Y13: DIARIO
A14: 8 | B14: General | C14: Externo | D14: Ejecución | E14: Jurídico | F14: Accidentes laborales de personal propio del contratista | G14: Dificulta la ejecución del contrato de manera baja, aplicando medidas mínimas se puede lograr el objeto contractual | H14: 3 | I14: 2 | J14: =+H14+I14 -> 5 | K14: Medio | L14: Contratista | M14: 1 | N14: 8 | O14: La UAEGRTD solicitará al proveedor sustitución del personal con base a la carta de compromiso y aceptación de las especificaciones técnicas y deberá grantizar el debido aceeso de su personal al sistema de salud a traves de los diferentes medios que lo garanticen. | P14: 1 | Q14: 1 | R14: =SUM(P14:Q14) -> 2 | S14: =VLOOKUP(R14,Inputs!$E$2:$F$12,2,FALSE) -> Bajo | T14: SI | U14: Entidad Contratante | V14: Desde el perfeccionamiento del contrato | W14: Terminación del plazo de ejecución | X14: VERIFICACIÓN por parte del comisionado a cargo del servicio, antes durante la prestación del mismo, del cumplimiento de las especificaciones tecnicas y por parte del supervisor del contrato, verificando las anomalías que se presenten en la prestación de los servicios, y dejando constancia en su informe mensual del cumplimiento de las obligaciones pactadas, asi como adoptando las medidas correctivas que se requieran para la correcta ejecución del contrato. | Y14: DIARIO
A15: 9 | B15: General | C15: Externo | D15: Ejecución | E15: Operacional | F15: No pago oportuno de las salarios y demás prestaciones de los trabajadores vinculados al contratista. | G15: Dificulta la ejecución del contrato de manera baja, aplicando medidas mínimas se puede lograr el objeto contractual | H15: 3 | I15: 2 | J15: 5 | K15: Medio | L15: Contratista | M15: 1 | N15: 9 | O15: La UAEGRTD hará efectiva la clausula de multas y/o sanciones y la garantia constituida por el proveedor | P15: 2 | Q15: 2 | R15: =SUM(P15:Q15) -> 4 | S15: =VLOOKUP(R15,Inputs!$E$2:$F$12,2,FALSE) -> Bajo | T15: SI | U15: Entidad Contratantr | V15: Desde el perfeccionamiento del contrato | W15: Terminación del plazo de ejecución | X15: SEGUIMIENTO DEL PROCESO por parte del supervisor del contrato verificando y dejando constancia en su informe mensual del cumplimiento de las obligaciones pactadas | Y15: DIARIO
A16: 10 | B16: General | C16: Externo | D16: Selección / Ejecución | E16: Económico | F16: Indebida o incorrecta estimación de precios o costos, esto es que los costos ofrecidos son bajos en relación con los precios del mercado. | G16: Obstruye la ejecución del contrato sustancialmente pero aun así permite la consecución del objeto contractual | H16: 2 | I16: 4 | J16: =+H16+I16 -> 6 | K16: Alto | L16: Contratista | M16: 1 | N16: 10 | O16: La UAEGRTD conminara al contratista para que los servicios sean prestados de manera adecuada por los conductores, en caso que sea recurrente se aplicará el procedimiento establecido en el artículo 86 de la Ley 1474 de 2011. | P16: 1 | Q16: 1 | R16: =SUM(P16:Q16) -> 2 | S16: =VLOOKUP(R16,Inputs!$E$2:$F$12,2,FALSE) -> Bajo | T16: SI | U16: Proveedor | V16: Desde el perfeccionamiento del contrato | W16: Terminación del plazo de ejecución | X16: VERIFICACIÓN por parte del comisionado a cargo del servicio, antes durante la prestación del mismo, del cumplimiento de las especificaciones tecnicas y por parte del supervisor del contrato, verificando las anomalías que se presenten en la prestación de los servicios, y dejando constancia en su informe mensual del cumplimiento de las obligaciones pactadas, asi como adoptando las medidas correctivas que se requieran para la correcta ejecución del contrato. | Y16: DIARIO
A17: 11 | B17: General | C17: Externo | D17: Ejecución | E17: Operacional | F17: Incumplimiento de subcontratistas o cuando el personal del contratista incumple sus obligaciones contractuales | G17: Obstruye la ejecución del contrato de manera intranscendente. | H17: 4 | I17: 1 | J17: =+H17+I17 -> 5 | K17: Medio | L17: Contratista | M17: 1 | N17: 11 | O17: La UAEGRTD aplicará las medidas pertinentes para garantizar la ejecución del contrato, y el supervisor conminara al contratista para que los servicios sean prestados de acuerdo a los precios pactados, en caso que no se preseten los servicios, se dara aplicación al artículo 86 de la Ley 1474 de 2011. LA UAEGRTD gestionará la cesión del contrato por el posible incumplinento del contratista. | P17: 2 | Q17: 1 | R17: =SUM(P17:Q17) -> 3 | S17: =VLOOKUP(R17,Inputs!$E$2:$F$12,2,FALSE) -> Bajo | T17: SI | U17: Entidad Contratantr | V17: Desde el perfeccionamiento del contrato | W17: Terminación del plazo de ejecución | X17: SEGUIMIENTO DEL PROCESO Por pate del supervisor del contrato verificando y dejando constancia en su informe mensual del cumplimiento de las obligaciones pactadas | Y17: DIARIO
A18: 12 | B18: General | C18: Externo | D18: Ejecución | E18: Operacional | F18: Conceptos o servicios errados, esto es cuando el producto o servicio no es acorde con lo requerido por la entidad. | G18: Dificulta la ejecución del contrato de manera baja, aplicando medidas mínimas se puede lograr el objeto contractual | H18: 3 | I18: 2 | J18: =+H18+I18 -> 5 | K18: Medio | L18: Contratista | M18: 1 | N18: 12 | O18: La UAEGRTD aplicará las medidas pertinentes para garantizar la ejecución del contrato, y el supervisor conminara al contratista para corregir la situación, en caso que la misma genere una afectación grave a la UAEGRTD, se dara aplicación al artículo 86 de la Ley 1474 de 2011. LA UAEGRTD gestionará la cesión del contrato por el posible incumplinento del contratista. | P18: 2 | Q18: 1 | R18: 3 | S18: Bajo | T18: SI | U18: Entidad Contratantr | V18: Desde el perfeccionamiento del contrato | W18: Terminación del plazo de ejecución | X18: VERIFICACIÓN por parte del comisionado a cargo del servicio, antes durante la prestación del mismo, del cumplimiento de las especificaciones tecnicas y por parte del supervisor del contrato, verificando las anomalías que se presenten en la prestación de los servicios, y dejando constancia en su informe mensual del cumplimiento de las obligaciones pactadas, asi como adoptando las medidas correctivas que se requieran para la correcta ejecución del contrato. | Y18: DIARIO
A19: 13 | B19: General | C19: Externo | D19: Ejecución | E19: Económico | F19: Variaciones en las tasas de cambio | G19: Obstruye la ejecución del contrato sustancialmente pero aun así permite la consecución del objeto contractual | H19: 2 | I19: 4 | J19: =+H19+I19 -> 6 | K19: Alto | L19: Contratista | M19: 1 | N19: 13 | O19: La UAEGRTD aplicará las medidas pertinentes para garantizar la ejecución del contrato, y el supervisor conminara al contratista para corregir la situación, en caso que la misma genere una afectación grave a la UAEGRTD, se dara aplicación al artículo 86 de la Ley 1474 de 2011. LA UAEGRTD gestionará la cesión del contrato por el posible incumplinento del contratista. | P19: 3 | Q19: 2 | R19: =SUM(P19:Q19) -> 5 | S19: =VLOOKUP(R19,Inputs!$E$2:$F$12,2,FALSE) -> Medio | T19: SI | U19: Entidad Contratantr | V19: Desde el perfeccionamiento del contrato | W19: Terminación del plazo de ejecución | X19: SEGUIMIENTO DEL PROCESO Por pate del supervisor del contrato verificando y dejando constancia en su informe mensual del cumplimiento de las obligaciones pactadas | Y19: DIARIO
A20: 14 | B20: General | C20: Externo | D20: Ejecución | E20: Operacional | F20: Retrasos en las actividades calibración a los medidores de temperatura y humedad en desarrollo del objeto contractual, así como en el soporte técnico requerido | G20: Dificulta la ejecución del contrato de manera baja, aplicando medidas mínimas se puede lograr el objeto contractual | H20: 3 | I20: 2 | J20: =+H20+I20 -> 5 | K20: Medio | L20: Contratista | M20: 1 | N20: 14 | O20: La UAEGRTD aplicará las medidas pertinentes para garantizar la ejecución del contrato, en caso que la misma genere una afectación grave a la UAEGRTD, se dara aplicación al artículo 86 de la Ley 1474 de 2011. LA UAEGRTD gestionará la cesión del contrato por el posible incumplinento del contratista. | P20: 1 | Q20: 2 | R20: 1 | S20: =VLOOKUP(R20,Inputs!$E$2:$F$12,2,FALSE) -> Bajo | T20: SI | U20: Entidad Contratantr | V20: Desde el perfeccionamiento del contrato | W20: Terminación del plazo de ejecución | X20: SEGUIMIENTO DEL PROCESO Por pate del supervisor del contrato verificando y dejando constancia en su informe mensual del cumplimiento de las obligaciones pactadas | Y20: DIARIO
A21: 15 | B21: Especifico | C21: Externo | D21: Ejecución | E21: Operacional | F21: Incompatibilidad de las partes, piezas, elementos y repuestos que se requieran en desarrollo del objeto contractual con lo medidores con los que cuenta la UAEGRTD | G21: Dificulta la ejecución del contrato de manera baja, aplicando medidas mínimas se puede lograr el objeto contractual | H21: 3 | I21: 2 | J21: 5 | K21: Medio | L21: Contratista | M21: 1 | N21: 15 | O21: La UAEGRTD aplicará las medidas pertinentes para garantizar la ejecución del contrato, en caso que la misma genere una afectación grave a la UAEGRTD, se dara aplicación al artículo 86 de la Ley 1474 de 2011. LA UAEGRTD gestionará la cesión del contrato por el posible incumplinento del contratista. | P21: 1 | Q21: 2 | R21: =SUM(P21:Q21) -> 3 | S21: =VLOOKUP(R21,Inputs!$E$2:$F$12,2,FALSE) -> Bajo | T21: SI | U21: Entidad Contratantr | V21: Desde el perfeccionamiento del contrato | W21: Terminación del plazo de ejecución | X21: VERIFICACIÓN por parte del comisionado a cargo del servicio, antes durante la prestación del mismo, del cumplimiento de las especificaciones tecnicas y por parte del supervisor del contrato, verificando las anomalías que se presenten en la prestación de los servicios, y dejando constancia en su informe mensual del cumplimiento de las obligaciones pactadas, asi como adoptando las medidas correctivas que se requieran para la correcta ejecución del contrato. | Y21: DIARIO
A22: 16 | B22: Especifico | C22: Externo | D22: Ejecución | E22: Operacional | F22: Disponibilidad de las partes, piezas, elementos y repuestos que se requieran en desarrollo del objeto contractual. | G22: Dificulta la ejecución del contrato de manera baja, aplicando medidas mínimas se puede lograr el objeto contractual | H22: 3 | I22: 2 | J22: =+H22+I22 -> 5 | K22: Medio | L22: Contratista | M22: 1 | N22: 16 | O22: La UAEGRTD aplicará las medidas pertinentes para garantizar la ejecución del contrato, y se dara aplicación al artículo 86 de la Ley 1474 de 2011. LA UAEGRTD gestionará la cesión del contrato por el posible incumplinento del contratista y denunciará ante los entes de control cualquier anomalia que se presente en la ejecución que sea sujeto a corrupción | P22: 1 | Q22: 2 | R22: =SUM(P22:Q22) -> 3 | S22: =VLOOKUP(R22,Inputs!$E$2:$F$12,2,FALSE) -> Bajo | T22: SI | U22: Proveedor | V22: Desde el perfeccionamiento del contrato | W22: Terminación del plazo de ejecución | X22: SEGUIMIENTO DEL PROCESO Por pate del supervisor del contrato verificando y dejando constancia en su informe mensual del cumplimiento de las obligaciones pactadas | Y22: DIARIO
A23: 18 | B23: General | C23: Interno | D23: Ejecución | E23: Económico | F23: Mayores costos por cambios en los precios de los elementos, repuestos, piezas e insumos que se requieran en desarrollo del objeto contractual y de la mano de obra. | G23: Obstruye la ejecución del contrato de manera intrascendente. | H23: 4 | I23: 1 | J23: =+H23+I23 -> 5 | K23: Medio | L23: Contratista | M23: 1 | N23: 18 | O23: La UAEGRTD buscará vías alternas de desplazamiento. | P23: 1 | Q23: 1 | R23: =SUM(P23:Q23) -> 2 | S23: =VLOOKUP(R23,Inputs!$E$2:$F$12,2,FALSE) -> Bajo | T23: SI | U23: Proveedor | V23: Desde el perfeccionamiento del contrato | W23: Terminación del plazo de ejecución | X23: SEGUIMIENTO DEL PROCESO Por pate del supervisor del contrato verificando y dejando constancia en su informe mensual del cumplimiento de las obligaciones pactadas | Y23: DIARIO
A24: 19 | B24: General | C24: Externo | D24: Ejecución | E24: Social o Político | F24: Pérdida y/o hurto de los medidores de temperatura y humedad y/o de sus elementos o piezas mientras el contratista los interviene o se encuentran a su disposición. | G24: Obstruye la ejecución del contrato sustancialmente pero aun así permite la consecución del objeto contractual | H24: 2 | I24: 4 | J24: =+H24+I24 -> 6 | K24: Alto | L24: Contratista | M24: 1 | N24: 19 | O24: La UAEGRTD buscará vías alternas de desplazamiento. | P24: 1 | Q24: 2 | R24: =SUM(P24:Q24) -> 3 | S24: =VLOOKUP(R24,Inputs!$E$2:$F$12,2,FALSE) -> Bajo | T24: SI | U24: Proveedor | V24: Desde el perfeccionamiento del contrato | W24: Terminación del plazo de ejecución | X24: SEGUIMIENTO DEL PROCESO Por pate del supervisor del contrato verificando y dejando constancia en su informe mensual del cumplimiento de las obligaciones pactadas | Y24: DIARIO
A25: 20 | B25: General | C25: Externo | D25: Ejecución | E25: Operacional | F25: No contar con los proveedores y/o contratos con terceros para ejecutar el objeto contractual | G25: Obstruye la ejecución del contrato sustancialmente pero aun así permite la consecución del objeto contractual | H25: 2 | I25: 4 | J25: 6 | K25: Alto | L25: Contratista | M25: 1 | N25: 20 | O25: La UAEGRTD impondrá la cláusula de multa y/o penal | P25: 1 | Q25: 2 | R25: 1 | S25: =VLOOKUP(R25,Inputs!$E$2:$F$12,2,FALSE) -> Bajo | T25: SI | U25: Proveedor | V25: Desde el perfeccionamiento del contrato | W25: Terminación del plazo de ejecución | X25: SEGUIMIENTO DEL PROCESO Por parte del supervisor del contrato verificando y dejando constancia en su informe mensual del cumplimiento de las obligaciones pactadas | Y25: DIARIO
B26: Específico | C26: Externo | D26: Ejecución | E26: Ambiental | F26: Manejo inadecuado de los residuos peligrosos generados durante la ejecución del contrato. (Afectación al medio ambiente) | G26: Afecta la ejecución del contrato sin alterar el beneficio para las partes. | H26: 2 | I26: 3 | J26: 5 | K26: Medio | L26: Entidad Contratante | M26: 1 | N26: 21 | O26: La UAEGRTD hará efectiva la clausula de multas y/o sanciones y la garantia constituida por el proveedor | P26: 1 | Q26: 2 | R26: 1 | S26: =VLOOKUP(R26,Inputs!$E$2:$F$12,2,FALSE) -> Bajo | T26: SI | U26: Proveedor | V26: Desde el perfeccionamiento del contrato | W26: Terminación del plazo de ejecución | X26: SEGUIMIENTO DEL PROCESO Por parte del supervisor del contrato verificando y dejando constancia en su informe mensual del cumplimiento de las obligaciones pactadas | Y26: DIARIO
B27: General | C27: Externo | D27: Contratación y Ejecución | E27: Regulatorio | F27: Cambios normativos o de la legislación tributaria y parafiscales | G27: Dificulta la ejecución del contrato de manera baja, aplicando medidas mínimas se puede lograr el objeto contractual | H27: 3 | I27: 2 | J27: =+H27+I27 -> 5 | K27: Medio | L27: UAEGRTD/ Contratista | M27: 50% / 50% | N27: 22 | O27: Se verificara el impacto de los cambios normativos y se realizaran los ajustes al contrato que se requieran | P27: 1 | Q27: 2 | R27: 1 | S27: =VLOOKUP(R27,Inputs!$E$2:$F$12,2,FALSE) -> Bajo | T27: SI | U27: Proveedor | V27: Desde el perfeccionamiento del contrato | W27: Terminación del plazo de ejecución | X27: SEGUIMIENTO DEL PROCESO Por parte del supervisor del contrato verificando y dejando constancia en su informe mensual del cumplimiento de las obligaciones pactadas | Y27: DIARIO

Sheet Inputs
A1: Clase | B1: Fuente | C1: Etapa | D1: Tipo | E1: Riesgo | F1: Valoración | G1: 1 | H1: Colombia Compra Eficiente
A2: General | B2: Interno | C2: Planeación | D2: Económico | E2: 0 | F2: Bajo | G2: 2 | H2: Proveedor
A3: Específico | B3: Externo | C3: Selección | D3: Sociales o Políticos | E3: 1 | F3: Bajo | G3: 3 | H3: Entidad Contratante
C4: Contratación | D4: Operacionales | E4: 2 | F4: Bajo | G4: 4 | H4: Colombia Compra Eficiente + Proveedor
C5: Ejecución | D5: Financieros | E5: 3 | F5: Bajo | G5: 5 | H5: Colombia Compra Eficiente + Entidad Contratante
C6: Selección / Ejecución | D6: Regulatorios | E6: 4 | F6: Bajo | G6: 6 | H6: Entidad Contratante + Proveedor
C7: Juridico | D7: Naturaleza | E7: 5 | F7: Medio | G7: 7 | H7: Colombia Compra Eficiente + Entidad Contratante + Proveedor
C8: Contratación / Ejecución | D8: Ambientales | E8: 6 | F8: Alto
C9: Planeación / Contratación / Ejecución | D9: Tecnológicos | E9: 7 | F9: Alto
E10: 8 | F10: Extremo
E11: 9 | F11: Extremo
E12: 10 | F12: Extremo
